 Dungeon Crawl Stone Soup version 0.27.1-2-g3b301248ec (webtiles) character file.

Game seed: 15674764359419346539

26 raph the Magician (level 2, 0/20 HPs)
             Began as a Draconian Hedge Wizard on Sept 25, 2021.
             Was a Believer of Elyvilon.
             Slain by an adder (1 damage)
             ... on level 2 of the Dungeon.
             The game lasted 00:02:49 (1771 turns).

raph the Magician (Draconian Hedge Wizard)          Turns: 1771, Time: 00:02:50

Health: 0/20       AC:  4    Str: 12    XL:     2   Next: 89%
Magic:  1/6        EV: 12    Int: 14    God:    Elyvilon [**....]
Gold:   59         SH:  0    Dex: 10    Spells: 2/7 levels left

rFire    . . .     SeeInvis .   a - +0 dagger
rCold    . . .     Faith    +   (no shield)
rNeg     . . .     Spirit   .   (armour unavailable)
rPois    .         Reflect  .   b - +0 hat
rElec    .         Harm     .   (no cloak)
rCorr    .         Rampage  .   (no gloves)
Will     .....                  (no boots)
Stlth    ++........             e - amulet of faith
HPRegen  0.06/turn              (no ring)
MPRegen  0.10/turn              (no ring)

@: lethally poisoned (0 -> -6), very slightly contaminated, slowed, very slow
A: AC +4, unfitting armour, cold-blooded
a: Renounce Religion, Lesser Healing, Heal Other, Divine Protection


You were on level 2 of the Dungeon.
You worshipped Elyvilon.
Elyvilon was pleased with you.
You visited 1 branch of the dungeon, and saw 2 of its levels.

You collected 59 gold pieces.

Inventory:

Hand Weapons
 a - a +0 dagger (weapon)
Armour
 b - a +0 hat (worn)
Jewellery
 e - an amulet of faith (around neck)
 i - an amulet of reflection
Wands
 n - a wand of polymorph (6)
Scrolls
 j - a scroll of immolation {unknown}
 k - a scroll of teleportation {unknown}
 l - a scroll of acquirement {unknown}
 m - a scroll of holy word {unknown}
Potions
 c - a potion of brilliance {unknown}
 d - 4 potions of degeneration {unknown}
 f - a potion of heal wounds {unknown}
 g - 2 potions of attraction {unknown}
 h - a potion of lignification {unknown}


   Skills:
 + Level 2.1 Dodging
 + Level 2.1 Stealth
 + Level 3.1 Spellcasting
 + Level 1.4 Conjurations
 - Level 1.2 Summonings
 + Level 1.4 Translocations
 + Level 0.0 Invocations


You had 2 spell levels left.
You knew the following spells:

 Your Spells              Type           Power      Damage    Failure   Level
a - Magic Dart            Conj           24%        1d4       12%         1
b - Blink                 Tloc           N/A        N/A       19%         2
c - Slow                  Hex            2%         N/A       32%         2

Your spell library contained the following spells:

 Spells                   Type           Power      Damage    Failure   Level
 Call Imp                 Summ           5%         N/A       19%         2
 Conjure Flame            Conj/Fire      4%         6-21      43%         3
 Mephitic Cloud           Conj/Pois/Air  3%         N/A       45%         3


Dungeon Overview and Level Annotations

Branches:
Dungeon (2/15)

Altars:
Elyvilon


Innate Abilities, Weirdness & Mutations

Your plain brown scales are hard. (AC +4)
You cannot fit into any form of body armour.
You are cold-blooded and may be slowed by cold attacks.


Message History

You miscast Magic Dart.
You are very lightly contaminated with residual magic.
Nothing appears to happen.
The adder bites you but does no damage. The adder bites you.
* * * LOW HITPOINT WARNING * * *
You are poisoned.
The adder poisons you!
Aiming: Magic Dart (safe; 12% risk of failure)
Press: ? - help, Q - select action, (/) - cycle Shift-Dir - straight line, f/p - adder
Aim: an adder (almost dead, 100% to hit)
You miscast Magic Dart.
Nothing appears to happen.
You feel sick. The endoplasm freezes you.
You are frozen.
* * * LOW HITPOINT WARNING * * *
You feel yourself slow down. The adder misses you.
You are healed.
You feel sick. The adder misses you. The endoplasm freezes you.
You are frozen.
* * * LOW HITPOINT WARNING * * *
The adder bites you but does no damage.
The endoplasm hits you but does no damage.
You feel sick.
You are no longer poisoned.
The adder completely misses you.
You are healed.
The endoplasm closely misses you. The adder bites you.
* * * LOW HITPOINT WARNING * * *
The adder barely misses you.
The endoplasm hits you but does no damage.
You are healed.
You feel yourself speed up. The adder bites you.
* * * LOW HITPOINT WARNING * * *
You are lethally poisoned!
The adder poisons you! The endoplasm freezes you.
You are frozen.
* * * LOW HITPOINT WARNING * * *
You feel yourself slow down. The adder bites you.
You die...

#........# #.........
#........# #.........
#........# #.........
#.(......# #.........
#........# #.........
####........# #.........
#...........# #.........
#.....J.....###.........
#.....S@..............##
#....######...........#
#.... #...........#
#.... #...........#
#.... #...........#
##### #...........#
#...........#
#...........#
#...........#


You could see an adder and an endoplasm.

Vanquished Creatures
  2 endoplasms (D:1)
  3 giant cockroaches
  3 goblins
  2 hobgoblins (D:1)
  A quokka (D:1)
  2 ball pythons
  4 bats (D:1)
  3 frilled lizards
  4 kobolds (D:1)
  2 rats (D:1)
26 creatures vanquished.

Notes
Turn   | Place    | Note
-------+----------+-------------------------------------------
     0 | D:1      | raph the Draconian Hedge Wizard began the quest for the
                  | Orb.
     0 | D:1      | Reached XP level 1. HP: 14/14 MP: 4/4
   226 | D:1      | Found a faded altar of an unknown god.
   245 | D:1      | Became a worshipper of Elyvilon the Healer
   245 | D:1      | Reached * piety under Elyvilon
   515 | D:1      | Reached XP level 2. HP: 20/20 MP: 6/6
   666 | D:1      | Learned a level 2 spell: Blink
  1138 | D:1      | Learned a level 2 spell: Slow
  1636 | D:2      | Reached ** piety under Elyvilon
  1771 | D:2      | HP: 1/20 [frozen (3)]
  1771 | D:2      | Slain by an adder

Illustrated notes

Levels and vault maps discovered:
D:1:      dpeg_arrival_shelter, layout_loops_ring,
          chequers_ecumenical_altar_simple
D:2:      layout_basic, uniq_terence

Skill      XL: |  1  2 |
---------------+-------+-----
Stealth        | 2 |  2.1
Dodging        | 2 |  2.1
Spellcasting   | |  3.1
Conjurations   | |  1.4
Summonings     | |  1.2
Translocations | |  1.4

Action                   || total
-------------------------++-------
Melee: Dagger            ||    79
       Tailslap          ||     6
 Cast: Magic Dart        ||    35
       Slow              ||     1
Invok: Lesser Healing    ||     3
 Stab: Sleeping          ||     3
Armor: Skin              ||    49
Dodge: Dodged            ||    76
